 Dungeon Crawl Stone Soup version 0.22-a0-877-g5c4e1af (webtiles) character file.

2348 opiumtea the Thaumaturge (level 9, -3/65 HPs)
             Began as a Gnoll Wizard on July 29, 2018.
             Slain by an unseen horror (6 damage)
             ... on level 8 of the Dungeon.
             The game lasted 00:42:36 (9896 turns).

opiumtea the Thaumaturge (Gnoll Wizard)             Turns: 9896, Time: 00:42:37

Health: -3/65      AC:  8    Str: 10    XL:     9   Next: 43%
Magic:  28/30      EV: 15    Int: 27    God:
Gold:   90         SH:  5    Dex: 13    Spells: 11/24 levels left

rFire    + . .     SeeInvis .   b - +0 hand axe (elec)
rCold    . . .     Gourm    .   y - +0 buckler
rNeg     . . .     Faith    .   p - +0 leather armour {rF+}
rPois    .         Spirit   .   x - +0 helmet {Int+3}
rElec    .         Reflect  .   i - +0 cloak
rCorr    .         Harm     .   r - +0 pair of gloves
MR       .....                  t - +0 pair of boots
Stlth    +++.......             (no amulet)
HPRegen  0.20/turn              n - ring of magical power
MPRegen  0.22/turn              (no ring)

@: about to teleport
A: distributed training, fangs 1, strong nose
a: no special abilities


You were on level 8 of the Dungeon.
You were not hungry.

You visited 1 branch of the dungeon, and saw 8 of its levels.

You collected 263 gold pieces.
You spent 173 gold pieces at shops.

Inventory:

Hand Weapons
 a - a +0 whip
 b - a +0 hand axe of electrocution (weapon)
 k - a +0 hunting sling
 q - the +1 triple crossbow of Wilimem {freeze, *Corrode rElec rF+}
   (You acquired it on level 7 of the Dungeon)

   It causes projectiles fired from it to freeze those they strike, causing
   extra injury to most foes and up to half again as much damage against
   particularly susceptible opponents.
   They can also slow down cold-blooded creatures.
   It protects you from fire.
   It insulates you from electricity.
   It may corrode you when you take damage.
Missiles
 c - 3 tomahawks of returning (quivered)
Armour
 i - a +0 cloak (worn)
 p - a +0 leather armour of fire resistance (worn)
 r - a +0 pair of gloves (worn)
 t - a +0 pair of boots (worn)
 x - a +0 helmet of intelligence (worn)
 y - a +0 buckler (worn)
 C - a +0 leather armour of cold resistance
Jewellery
 n - a ring of magical power (left hand)
Wands
 v - a wand of random effects (15)
 w - a wand of scattershot (3)
 A - a wand of disintegration (16)
Scrolls
 g - 2 scrolls of magic mapping
 j - 4 scrolls of remove curse
 l - a scroll of immolation
 z - 2 scrolls of teleportation
 D - a scroll of summoning {unknown}
Potions
 e - a potion of mutation
 f - 2 potions of lignification
 h - a potion of agility
 m - a potion of cancellation {unknown}
 o - a potion of magic
 s - a potion of flight {unknown}
 u - 6 potions of curing
 B - a potion of invisibility {unknown}
Comestibles
 d - 13 rations


   Skills:
 + Level 4.1 Fighting
 + Level 4.1 Short Blades
 + Level 4.1 Long Blades
 + Level 4.1 Axes
 + Level 4.1 Maces & Flails
 + Level 4.1 Polearms
 + Level 4.1 Staves
 + Level 4.1 Slings
 + Level 4.1 Bows
 + Level 4.1 Crossbows
 + Level 4.1 Throwing
 + Level 4.1 Armour
 + Level 6.2 Dodging
 + Level 6.0 Stealth
 + Level 4.1 Shields
 + Level 4.1 Unarmed Combat
 + Level 8.3 Spellcasting
 + Level 4.1 Conjurations
 + Level 3.4 Hexes
 + Level 3.4 Charms
 + Level 4.1 Summonings
 + Level 3.4 Necromancy
 + Level 4.1 Translocations
 + Level 3.4 Transmutations
 + Level 3.4 Fire Magic
 + Level 3.4 Ice Magic
 + Level 3.4 Air Magic
 + Level 3.4 Earth Magic
 + Level 3.4 Poison Magic
 + Level 4.6 Invocations
 + Level 4.1 Evocations


You had 11 spell levels left.
You knew the following spells:

 Your Spells              Type           Power        Failure   Level  Hunger
a - Magic Dart            Conj           ####         1%          1    None
b - Blink                 Tloc           N/A          1%          2    None
c - Call Imp              Summ           ####....     1%          2    None
d - Slow                  Hex            ####....     2%          2    None
e - Conjure Flame         Conj/Fire      ####....     4%          3    None
f - Mephitic Cloud        Conj/Pois/Air  ####....     4%          3    None

Your spell library contained the following spells:

 Spells                   Type           Power        Failure   Level  Hunger


Dungeon Overview and Level Annotations

Branches:
Dungeon (8/15)
 Temple: D:4-7         Lair: D:8-11

Altars:
Dithmenos
Elyvilon
Fedhas
Gozag
Makhleb
Okawaru
Ru
Uskayaw
Wu Jian
Xom
Zin

Shops:
D:4 [   D:6 *(   D:7 %([

Annotations:
D:4 3 runed doors, Jenz's ghost, amateur DsWr
D:7 2 transporters, tilp's ghost, novice MfIE


Innate Abilities, Weirdness & Mutations

Your experience applies equally to all skills.
You have very sharp teeth.
Your uncanny sense of smell can sniff out nearby items.


Message History

Something hits you!
* * * LOW HITPOINT WARNING * * *
Something hits you.
* * * LOW HITPOINT WARNING * * *
Okay, then.
Casting: Magic Dart (safe; 1% risk of failure)
Confirm with . or Enter, or press ? or * to list all spells.
You blink.
A sky beast and a skeleton come into view.
Something hits you but does no damage. Something hits you but does no damage.
Something barely misses you. Something hits you!
* * * LOW HITPOINT WARNING * * *
A hound comes into view.
As you read the scroll of teleportation, it crumbles to dust.
You feel strangely unstable. Something hits you.
* * * LOW HITPOINT WARNING * * *
A quokka and a hippogriff come into view.
Something hits you.
You die...

##### #. # #...# #.. .H#
##...## #.# #... ..... ∆
#.# .....#...# #.#
#r....# #.# #
##@#############.##
##.#....#....#........
∆.#..Z.5.##.##.#......##
#.........##.##.#......##
#.##.#.##....##........##
..(#Y#.########......##
.... #.#..# #......## ###
#.#.%# ##+######
#.#..!..# #


You could see a hippogriff (sleeping), a sky beast, a quokka (sleeping), a
bullfrog skeleton and a friendly crimson imp.

Vanquished Creatures
  2 slime creatures (D:7)
  2 ice beasts
  An orc warrior (D:6)
  A phantom (D:4)
  2 ogres
  2 centaurs
  A big kobold (D:7)
  2 bullfrogs
  A wyvern zombie (D:7)
  2 scorpions
  4 crimson imps
  4 jellies
  2 bullfrog skeletons
  An orc priest (D:7)
  3 hounds
  5 iguanas
  3 worker ants
  A howler monkey skeleton (D:6)
  4 adders
  4 oozes (D:7)
  2 worms
  2 dart slugs
  7 leopard geckos
  14 orcs
  5 bats
  4 giant cockroaches
  5 goblins
  6 hobgoblins
  6 jackals
  9 kobolds
  4 quokkas
  2 frilled lizards (D:1)
  A leopard gecko zombie (D:5)
  9 rats
123 creatures vanquished.

Vanquished Creatures (collateral kills)
  An orc warrior (D:8)
  3 ogres
  A howler monkey (D:5)
  An orc priest (D:7)
  A bullfrog skeleton (D:4)
  3 orc wizards (D:7)
  An adder (D:4)
  An ooze (D:7)
  3 worms
  11 orcs
  A jackal (D:3)
  4 kobolds
  A quokka (D:6)
32 creatures vanquished.

Vanquished Creatures (others)
  An orc (D:4)
  6 fungi (D:7)
  9 toadstools (D:7)
16 creatures vanquished.

Grand Total: 171 creatures vanquished

Notes
Turn   | Place    | Note
-------+----------+-------------------------------------------
     0 | D:1      | opiumtea the Gnoll Wizard began the quest for the Orb.
     0 | D:1      | Reached XP level 1. HP: 13/13 MP: 8/8
   100 | D:1      | Reached XP level 2. HP: 19/19 MP: 3/10
   638 | D:1      | Learned a level 2 spell: Blink
   641 | D:1      | Learned a level 2 spell: Call Imp
   644 | D:1      | Learned a level 2 spell: Slow
  1027 | D:1      | Reached XP level 3. HP: 12/25 MP: 1/11
  1311 | D:1      | Learned a level 3 spell: Conjure Flame
  1315 | D:1      | Learned a level 3 spell: Mephitic Cloud
  1528 | D:2      | Found an iron altar of Okawaru.
  1540 | D:2      | Reached skill level 1 in Invocations
  2071 | D:3      | Reached skill level 1 in Fighting
  2071 | D:3      | Reached skill level 1 in Short Blades
  2071 | D:3      | Reached skill level 1 in Long Blades
  2071 | D:3      | Reached skill level 1 in Axes
  2071 | D:3      | Reached skill level 1 in Maces & Flails
  2071 | D:3      | Reached skill level 1 in Polearms
  2071 | D:3      | Reached skill level 1 in Staves
  2071 | D:3      | Reached skill level 1 in Slings
  2071 | D:3      | Reached skill level 1 in Bows
  2071 | D:3      | Reached skill level 1 in Crossbows
  2071 | D:3      | Reached skill level 1 in Throwing
  2071 | D:3      | Reached skill level 1 in Armour
  2071 | D:3      | Reached skill level 1 in Shields
  2071 | D:3      | Reached skill level 1 in Unarmed Combat
  2071 | D:3      | Reached skill level 1 in Evocations
  2093 | D:3      | Reached XP level 4. HP: 30/32 MP: 0/13
  2328 | D:3      | Noticed an ogre
  2373 | D:3      | Killed an ogre
  2373 | D:3      | Reached skill level 1 in Hexes
  2373 | D:3      | Reached skill level 1 in Charms
  2373 | D:3      | Reached skill level 1 in Necromancy
  2373 | D:3      | Reached skill level 1 in Transmutations
  2373 | D:3      | Reached skill level 1 in Fire Magic
  2373 | D:3      | Reached skill level 1 in Ice Magic
  2373 | D:3      | Reached skill level 1 in Air Magic
  2373 | D:3      | Reached skill level 1 in Earth Magic
  2373 | D:3      | Reached skill level 1 in Poison Magic
  2373 | D:3      | Reached XP level 5. HP: 37/37 MP: 1/14
  3037 | D:3      | Found a shadowy altar of Dithmenos.
  3213 | D:3      | Noticed an ogre
  3223 | D:3      | Killed an ogre
  3223 | D:3      | Reached XP level 6. HP: 44/44 MP: 3/16
  3326 | D:3      | Found a glowing golden altar of the Shining One.
  3330 | D:3      | Found an ancient bone altar of Kikubaaqudgha.
  3330 | D:3      | Found a shimmering altar of Xom.
  3332 | D:3      | Found an iron altar of Okawaru.
  3332 | D:3      | Found a sacrificial altar of Ru.
  3332 | D:3      | Found a shadowy altar of Dithmenos.
  3562 | D:4      | Noticed Jenz's ghost (amateur DsWr)
  3563 | D:4      | Found a runed gate.
  3563 | D:4      | Found a runed gate.
  3563 | D:4      | Found a runed gate.
  3563 | D:4      | Noticed a water moccasin
  3595 | D:4      | Found an ornate altar of the Wu Jian Council.
  3595 | D:4      | Found a sacrificial altar of Ru.
  3595 | D:4      | Found an iron altar of Okawaru.
  3595 | D:4      | Noticed a phantom
  3614 | D:4      | Reached skill level 5 in Dodging
  3932 | D:4      | Found a burning altar of Makhleb.
  3932 | D:4      | Found a white marble altar of Elyvilon.
  4529 | D:4      | Found Qyptio's Armour Shoppe.
  4553 | D:4      | Reached XP level 7. HP: 43/50 MP: 18/18
  5219 | D:5      | Entered Level 5 of the Dungeon
  5388 | D:5      | Found a glowing silver altar of Zin.
  5388 | D:5      | Found an opulent altar of Gozag.
  5548 | D:5      | Reached skill level 5 in Stealth
  5692 | D:5      | Reached XP level 8. HP: 57/57 MP: 19/19
  6466 | D:6      | Found a blossoming altar of Fedhas.
  6576 | D:4      | Bought a +0 helmet of intelligence for 149 gold pieces
  7048 | D:6      | Found Urowk's General Store.
  7052 | D:6      | Bought a scroll of identify for 24 gold pieces
  7199 | D:6      | Reached skill level 8 in Spellcasting
  7457 | D:6      | Found Kyedyopi's Antique Weapon Emporium.
  7625 | D:7      | Found Gyikush's Armour Shoppe.
  7626 | D:7      | Identified a scroll of acquirement
  7627 | D:7      | Got a crude triple crossbow
  7628 | D:7      | Identified the +1 triple crossbow of Wilimem {freeze, *Corrode rElec rF+} (You acquired it on level 7 of the Dungeon)
  7636 | D:7      | Noticed tilp's ghost (novice MfIE)
  7637 | D:7      | Found a transporter.
  7637 | D:7      | Noticed a two-headed ogre
  7660 | D:7      | Found a glowing silver altar of Zin.
  8020 | D:7      | Noticed a slime creature
  8030 | D:7      | Reached XP level 9. HP: 65/65 MP: 16/21
  8515 | D:7      | HP: 3/65 [slime creature (14)]
  8846 | D:7      | Found Querch's Food Boutique.
  8855 | D:7      | Found a hide-covered altar of Uskayaw.
  9384 | D:7      | Found Leizenoe's Weapon Shoppe.
  9473 | D:7      | Found a transporter.
  9895 | D:8      | HP: 2/65 [something (2)]
  9896 | D:8      | Slain by an unseen horror

Vault maps used:
D:1:      lightli_arrival_chessboard
D:2:      okawaru_ov_weapons_minmay
D:3:      lemuel_coloured_pillars_altar, doesnt_xom_only_xom
D:4:      grunt_temple_overflow_open, minmay_temple_entry_from_below_a,
          gammafunk_ghost_split, serial_shops,
          nicolae_shop_competitors_out_of_business
D:5:      grunt_temple_overflow_gold_and_silver, first_ration
D:6:      nicolae_overflow_crystal_walls, serial_shops, shop,
          nicolae_shop_crystal
D:7:      cheibrodos_fertilizer, overflow_temple_1_default, basic_altar,
          gammafunk_ghost_smash, serial_shops, shop, shop, shop_fountains
D:8:      blue_anna_alchemist

Skill      XL: |  1  2  3  4  5  6  7  8  9 |
---------------+----------------------------+-----
Conjurations   | 2 3 4 |  4.1
Summonings     | 2 3 4 |  4.1
Translocations | 2 3 4 |  4.1
Invocations    | 1 2 3 4 |  4.6
Fighting       | 1 2 3 4 |  4.1
Short Blades   | 1 2 3 4 |  4.1
Long Blades    | 1 2 3 4 |  4.1
Axes           | 1 2 3 4 |  4.1
Maces & Flails | 1 2 3 4 |  4.1
Polearms       | 1 2 3 4 |  4.1
Staves         | 1 2 3 4 |  4.1
Slings         | 1 2 3 4 |  4.1
Bows           | 1 2 3 4 |  4.1
Crossbows      | 1 2 3 4 |  4.1
Throwing       | 1 2 3 4 |  4.1
Armour         | 1 2 3 4 |  4.1
Shields        | 1 2 3 4 |  4.1
Unarmed Combat | 1 2 3 4 |  4.1
Evocations     | 1 2 3 4 |  4.1
Hexes          | 1 2 3 |  3.4
Charms         | 1 2 3 |  3.4
Necromancy     | 1 2 3 |  3.4
Transmutations | 1 2 3 |  3.4
Fire Magic     | 1 2 3 |  3.4
Ice Magic      | 1 2 3 |  3.4
Air Magic      | 1 2 3 |  3.4
Earth Magic    | 1 2 3 |  3.4
Poison Magic   | 1 2 3 |  3.4
Dodging        | 5 6 |  6.2
Stealth        | 5 6 |  6.0
Spellcasting   | 8 |  8.3

Action                   |  1- 3 |  4- 6 |  7- 9 || total
-------------------------+-------+-------+-------++-------
Melee: Whip              |     5 |    16 |    18 ||    39
       Bite              |     1 |       |     8 ||     9
       Hand axe          |       |       |    36 ||    36
       Punch             |       |       |     1 ||     1
Throw: Tomahawk          |       |     2 |       ||     2
 Cast: Magic Dart        |    75 |   100 |   244 ||   419
       Call Imp          |    11 |    19 |    60 ||    90
       Conjure Flame     |       |     4 |     7 ||    11
       Blink             |       |     3 |     6 ||     9
       Mephitic Cloud    |       |     1 |    17 ||    18
       Slow              |       |     1 |     5 ||     6
  Use: Potion            |     3 |       |       ||     3
       Scroll            |     4 |     2 |     9 ||    15
 Stab: Sleeping          |       |     1 |       ||     1
       Distracted        |       |     1 |       ||     1
       Confused          |       |       |     5 ||     5
  Eat: Chunk             |     3 |     8 |    13 ||    24
       Ration            |       |       |     1 ||     1
Armor: Robe              |     8 |    10 |     7 ||    25
       Leather armour    |       |       |    20 ||    20
Dodge: Dodged            |    15 |    33 |    92 ||   140
Block: Buckler           |       |       |     1 ||     1

Table legend:
 A = Spawn XP
 B = Non-spawn XP
 C = Spawn XP percentage of total XP
 D = Spawn monster count
 E = Non-spawn monster count
 F = Spawn count percentage of total count
 G = Total turns spent on level
                    A         B        C        D         E        F      G
               +---------+---------+-------+---------+---------+-------+---------
         Total |       0 |    3355 |   0.0 |       0 |     156 |   0.0 |  9896
               +---------+---------+-------+---------+---------+-------+---------
           D:1 |       0 |      39 |   0.0 |       0 |      15 |   0.0 |  1311
           D:2 |       0 |      25 |   0.0 |       0 |      12 |   0.0 |   591
           D:3 |       0 |     280 |   0.0 |       0 |      33 |   0.0 |  1851
           D:4 |       0 |     443 |   0.0 |       0 |      19 |   0.0 |  1647
           D:5 |       0 |     721 |   0.0 |       0 |      18 |   0.0 |  1101
           D:6 |       0 |     465 |   0.0 |       0 |      16 |   0.0 |  1454
           D:7 |       0 |    1054 |   0.0 |       0 |      36 |   0.0 |  1573
           D:8 |       0 |     328 |   0.0 |       0 |       7 |   0.0 |   368
               +---------+---------+-------+---------+---------+-------+---------
